 Dungeon Crawl Stone Soup version 0.15-a0-413-gc6111ba (webtiles) character file.

667 4tharraofdagon the Chopper (level 7, -13/82 HPs)
             Began as a Demonspawn Berserker on May 5, 2014.
             Was a Priest of Trog.
             Mangled by an orc warrior
             ... wielding a +0,+0 flail
              (14 damage)
             ... on Level 6 of the Dungeon.
             The game lasted 00:05:39 (905 turns).

4tharraofdagon the Chopper (Demonspawn Berserker)    Turns: 905, Time: 00:05:39

HP -13/82        AC  9     Str 24      XL: 7   Next:  7%
MP   0/7         EV  7     Int  9      God: Trog [***...]
Gold 119         SH  0     Dex 12      Spells:  0 memorised,  6 levels left

rFire  . . .     SeeInvis .     r - +0,+1 hand axe (freeze)
rCold  . . .     Clarity  .     p - +0 chain mail
rNeg   . . .     Conserve .     (no shield)
rPois  .         rCorr    .     (helmet restricted)
rElec  .         rRot     .     (no cloak)
SustAb . .       Spirit   +     (no gloves)
rMut   .         Warding  .     (no boots)
Saprov . . .     Stasis   .     (no amulet)
MR     ++...                    (no ring)
                                (no ring)

@: regenerating, berserking, very quick, very resistant to hostile enchantments,
extremely unstealthy
A: horns 2, magic shield
a: Burn Spellbooks, Berserk, Trog's Hand, Renounce Religion


You were on level 6 of the Dungeon.
You worshipped Trog.
Trog was most pleased with you.
You were hungry.

You visited 1 branch of the dungeon, and saw 6 of its levels.

You collected 119 gold pieces.

Inventory:

Hand weapons
 a - a cursed +0,+0 hand axe
 r - a +0,+1 hand axe of freezing (weapon)
 s - the cursed +0,-2 falchion of Trog's Esteem {elec, *Rage Dex+2, unknown}
   (You found it on level 4 of the Dungeon)

   Occasionally, upon striking a foe, it will discharge some electrical energy
   and cause terrible harm.
   It affects your dexterity (+2).
   It may make you go berserk in combat.
   It has a curse placed upon it.
Armour
 b - a +0 animal skin
 f - a +0 ring mail
 p - a +0 chain mail (worn)
Magical devices
 q - a wand of enslavement (12)
Comestibles
 c - 3 bread rations
 l - a meat ration
Scrolls
 d - a scroll of magic mapping {unknown}
 e - a scroll of random uselessness
 h - 2 scrolls of remove curse
 m - 3 scrolls of identify
 o - 2 scrolls of enchant weapon I
Potions
 g - 2 potions of haste {unknown}
 i - a potion of heal wounds {unknown}
 j - a potion of invisibility {unknown}
 k - 2 potions of might {unknown}
 n - a potion of curing {unknown}
 t - a potion of brilliance {unknown}
 u - a potion of cure mutation {unknown}
 v - a potion of paralysis {unknown}


   Skills:
 + Level 4.7 Fighting
 * Level 5.5 Axes
 + Level 3.6 Armour
 - Level 1.7 Dodging
 + Level 0.7 Evocations


You had 6 spell levels left.
You didn't know any spells.

Dungeon Overview and Level Annotations

Branches:
Dungeon (6/15)
 Temple: D:4-7

Altars:


Innate Abilities, Weirdness & Mutations

You have a pair of horns on your head.
When hurt, damage is shared between your health and your magic reserves.


Message History

You hit the orc warrior. You freeze the orc warrior.
Your headbutt misses the orc warrior.
The orc warrior is moderately wounded.
The orc hits you but does no damage.
Unknown command.
Unknown command.
Unknown command.
You slash the orc! You freeze the orc.
You kill the orc!
Trog accepts your kill.
You slash the orc warrior! You freeze the orc warrior.
The orc warrior is severely wounded.
The orc warrior hits you with a flail!
* * * LOW HITPOINT WARNING * * *
Unknown command.
Unknown command.
Your chain mail prevents you from hitting the orc warrior.
The orc warrior is severely wounded.
The orc warrior hits you with a flail!
You die...

#.....# #... #.....# #...
#.....# #... #.....# #...
#.....# #... #######.....#
#... #......#.....# #...
#......#)))..# ###?..
#......#)@)..# #.....
#......#.o...########...##
#..........###..........##
#####.)...(# #..........##
#....).# #..........##
#....).# #..........##
#....).#####......####
#..............#######
#.....................


You could see an orc warrior.

Vanquished Creatures
  An ogre (D:6)
  A scorpion (D:5)
  A hound (D:4)
  A gnoll shaman (D:6)
  4 orc priests
  A giant frog skeleton (D:6)
  2 orc wizards (D:6)
  A mummy (D:6)
  5 gnolls (D:6)
  An adder (D:6)
  2 shadow imps (D:6)
  2 worms (D:5)
  An adder zombie (D:6)
  5 giant geckos
  14 orcs
  5 bats
  A giant cockroach (D:4)
  A hobgoblin (D:4)
  2 ball pythons
  2 giant newts
  5 goblins
  3 jackals (D:6)
  2 kobolds
  An orc zombie (D:6)
  A rat (D:3)
65 creatures vanquished.

Notes
Turn   | Place    | Note
--------------------------------------------------------------
     0 | D:1      | 4tharraofdagon, the Demonspawn Berserker, began the quest for the Orb.
     0 | D:1      | Reached XP level 1. HP: 18/18 MP: 1/1
    77 | D:3      | Noticed an orc priest
    83 | D:3      | Killed an orc priest
    83 | D:3      | Gained mutation: You have a pair of small horns on your head. [demonic ancestry]
    83 | D:3      | Reached XP level 2. HP: 21/24 MP: 2/2
    83 | D:3      | Gained mutation: When hurt, damage is shared between your health and your magic reserves. [demonic ancestry]
    83 | D:3      | Reached XP level 3. HP: 25/29 MP: 3/3
   247 | D:2      | Acquired Trog's second power
   471 | D:4      | Reached XP level 4. HP: 28/37 MP: 2/4
   496 | D:4      | Reached skill level 4 in Axes
   500 | D:4      | Gained mutation: You have a pair of horns on your head. [demonic ancestry]
   500 | D:4      | Reached XP level 5. HP: 25/42 MP: 3/5
   542 | D:4      | Got a bloodstained falchion
   555 | D:5      | Entered Level 5 of the Dungeon
   732 | D:6      | Reached XP level 6. HP: 48/48 MP: 6/6
   797 | D:6      | Noticed an ogre
   802 | D:6      | Noticed an orc warrior
   808 | D:6      | Reached skill level 5 in Axes
   809 | D:6      | Killed an ogre
   902 | D:6      | Reached XP level 7. HP: 25/55 MP: 2/7
   904 | D:6      | HP: 1/82 [orc warrior/flail (11)]
   905 | D:6      | Mangled by an orc warrior

Action                   |  1- 3 |  4- 6 |  7- 9 || total
-------------------------+-------+-------+-------++-------
Melee: Hand axe          |    61 |    66 |     3 ||   130
Invok: Berserk           |     1 |     5 |       ||     6
       Trog's Hand       |       |     2 |       ||     2
Evoke: Wand              |       |     1 |       ||     1
  Use: Scroll            |       |     4 |       ||     4
